 Dungeon Crawl Stone Soup version 0.28-a0-1190-g77e1c55843 (webtiles) character file.

Game seed: 14982248116192009488

2776 SensoryNuts the Carver (level 9, -1/69 HPs)
             Began as a Demonspawn Fighter on Dec 19, 2021.
             Slain by a wyvern skeleton (11 damage)
             ... on level 7 of the Dungeon.
             The game lasted 00:08:56 (8402 turns).

SensoryNuts the Carver (Demonspawn Fighter)         Turns: 8402, Time: 00:08:56

Health: -1/69      AC: 14    Str: 21    XL:     9   Next: 42%
Magic:  9/9        EV:  4    Int: 10    God:
Gold:   1765       SH:  5    Dex: 12    Spells: 8/8 levels left

rFire   . . .      SeeInvis .   a - +0 long sword (venom)
rCold   . . .      Faith    .   c - +0 buckler
rNeg    . . .      Spirit   .   i - +1 crystal plate armour
rPois   .          Reflect  .   (no helmet)
rElec   +          Harm     .   (no cloak)
rCorr   .          Rampage  .   (gloves unavailable)
Will    +....      Clarity  +   (no boots)
Stlth   ..........              (no amulet)
HPRegen 0.21/turn               j - ring of willpower
MPRegen 0.11/turn               (no ring)

@: hasted, very quick
A: claws 3, molten scales 1, spiny 2, clarity, deformed body, electricity
resistance, subdued magic 1
a: no special abilities


You were on level 7 of the Dungeon.
You visited 2 branches of the dungeon, and saw 8 of its levels.

You collected 1765 gold pieces.

Inventory:

Hand Weapons
 a - a +0 long sword of venom (weapon)
Missiles
 p - 2 throwing nets (quivered)
Armour
 b - a +0 scale mail
 c - a +0 buckler (worn)
 i - a +1 crystal plate armour (worn)
Jewellery
 g - a ring of fire
 j - a ring of willpower (left claw)
Scrolls
 d - a scroll of amnesia
 f - a scroll of fear
 k - a scroll of fog {unknown}
 l - 4 scrolls of teleportation
 n - a scroll of identify
Potions
 e - a potion of brilliance
 h - a potion of curing
 m - a potion of haste
 o - a potion of cancellation
 q - a potion of heal wounds {unknown}


   Skills:
 + Level 6.0 Fighting
 + Level 8.3 Long Blades
 + Level 6.3 Armour
 + Level 1.5 Dodging
 + Level 1.0 Stealth
 + Level 4.6 Shields


You had 8 spell levels left.
You didn't know any spells.
Your spell library contained the following spells:

 Spells                   Type           Power      Damage    Failure   Level
 Magic Dart               Conj           0%         1d3       100%        1
 Searing Ray              Conj           0%         2d4       100%        2
 Gell's Gravitas          Tloc           0%         N/A       100%        3
 Lesser Beckoning         Tloc           0%         N/A       100%        3
 Ozocubu's Armour         Ice            0%         N/A       100%        3
 Stone Arrow              Conj/Erth      0%         3d7       100%        3
 Teleport Other           Tloc           0%         N/A       100%        3
 Animate Armour           Summ/Erth      0%         N/A       100%        4
 Fulminant Prism          Conj/Hex       0%         3d6       100%        4
 Ozocubu's Refrigeration  Ice            0%         4d5       100%        7
 Lehudib's Crystal Spear  Conj/Erth      0%         10d2      100%        8


Dungeon Overview and Level Annotations

Branches:
Dungeon (7/15)             Temple (1/1) D:6

Altars:
Ashenzari
Cheibriados
Dithmenos
Elyvilon
Fedhas
Hepliaklqana
Kikubaaqudgha
Makhleb
Nemelex Xobeh
Okawaru
Qazlal
Sif Muna
Trog
Vehumet
Wu Jian
Xom
Yredelemnul
The Shining One

Shops:
D:6 [

Annotations:
D:7 1 transporter


Innate Abilities, Weirdness & Mutations

You have claws for hands.
You are partially covered in molten scales. (AC +2)
You are mostly covered in sharp spines.
You possess an exceptional clarity of mind.
Armour fits poorly on your strangely shaped body.
You are resistant to electric shocks. (rElec)
Your spells are a little easier to cast, but a little less powerful.


Message History

There are monsters nearby!
You barely miss the orc wizard.
The orc wizard is almost dead.
You kill the orc wizard!
Menkaure hums, "Let me perform the rites..."
Menkaure hits you but does no damage.
Things that are here:
a +0 club; a +0 leather armour Unknown command.
You hit Menkaure.
Menkaure is moderately damaged.
The wyvern skeleton is struck by your spines.
The wyvern skeleton bites you but does no damage.
Menkaure calls on the powers of darkness!
Your body is wracked with pain!
* * * LOW HITPOINT WARNING * * *
You feel better. The wyvern skeleton barely misses you.
You block Menkaure's attack.
The wyvern skeleton is struck by your spines.
The wyvern skeleton bites you.
You feel yourself speed up. You block Menkaure's attack.
The wyvern skeleton bites you. Menkaure is struck by your spines.
Menkaure hits you but does no damage.
You hit Menkaure.
Menkaure is heavily damaged.
The wyvern skeleton is struck by your spines.
The wyvern skeleton bites you!
* * * LOW HITPOINT WARNING * * *
Menkaure gestures at you while chanting.
You easily resist.
You feel better. The wyvern skeleton bites you!
* * * LOW HITPOINT WARNING * * *
You slash Menkaure!
You destroy Menkaure!
The wyvern skeleton bites you!
* * * LOW HITPOINT WARNING * * *
Your Fighting skill increases to level 6!
The wyvern skeleton is struck by your spines.
The wyvern skeleton bites you!
You die...

......#...# ...........
..#....?..# ..........#
..........# #©...
..........##. ..# #....
........Z.©#.#...#.##...
.......@))##..##. . #...
##......).#h..#...#.#...
#..!......##....#..##...
#.......#..##..... #....
#.......##..##### ##....
##.....####.....###..###
....................##
........#############
....


You could see a black bear and a wyvern skeleton.

Vanquished Creatures
  The ghost of jtrev the Cudgeller, an amateur GrBe of Trog (D:4)
  Menkaure (D:7)
  Duvessa (D:6)
  2 black bears (D:6)
  2 ogres (D:5)
  5 necrophages
  2 phantoms
  2 centaurs
  A scorpion (D:5)
  2 gnoll sergeants
  A water moccasin zombie (D:4)
  Dowan (D:6)
  A water moccasin skeleton (D:5)
  2 bullfrog zombies
  A centaur zombie (D:6)
  3 orc priests
  A hound (D:4)
  A bullfrog skeleton (D:6)
  Jessica (D:2)
  2 centaur skeletons
  5 orc wizards
  3 iguanas
  2 killer bee zombies
  A hound zombie (D:4)
  A mummy (D:6)
  2 hound skeletons (D:4)
  11 gnolls
  11 adders
  A shadow imp (D:6)
  A white imp (D:6)
  An ufetubus (D:5)
  5 worms
  3 dart slugs
  16 orcs
  12 ball pythons
  3 endoplasms
  7 giant cockroaches
  7 goblins
  5 hobgoblins
  8 jackals (D:2)
  8 kobolds
  4 quokkas
  8 bats
  7 frilled lizards
  9 rats
174 creatures vanquished.

Notes
Turn   | Place    | Note
-------+----------+-------------------------------------------
     0 | D:1      | SensoryNuts the Demonspawn Fighter began the quest for the
                  | Orb.
     0 | D:1      | Reached XP level 1. HP: 18/18 MP: 1/1
    18 | D:1      | Found a faded altar of an unknown god.
   365 | D:1      | Gained mutation: You are partially covered in molten
                  | scales. (AC +2) [demonic ancestry]
   365 | D:1      | Reached XP level 2. HP: 20/24 MP: 2/2
   557 | D:1      | Reached skill level 2 in Long Blades
  1121 | D:2      | Noticed a phantom
  1122 | D:2      | Found a bloodstained altar of Trog.
  1140 | D:2      | Killed a phantom
  1141 | D:2      | Reached skill level 3 in Long Blades
  1141 | D:2      | Gained mutation: You are partially covered in sharp spines.
                  | [demonic ancestry]
  1141 | D:2      | Reached XP level 3. HP: 10/29 MP: 3/3
  1141 | D:2      | Gained mutation: You have sharp fingernails. [demonic
                  | ancestry]
  1141 | D:2      | Reached XP level 4. HP: 12/35 MP: 4/4
  1511 | D:2      | Reached skill level 1 in Dodging
  1511 | D:2      | Gained mutation: You have very sharp fingernails. [demonic
                  | ancestry]
  1511 | D:2      | Reached XP level 5. HP: 39/41 MP: 5/5
  1867 | D:2      | Noticed Jessica
  1871 | D:2      | Killed Jessica
  2448 | D:3      | Reached skill level 4 in Long Blades
  2647 | D:3      | Reached XP level 6. HP: 48/48 MP: 6/6
  3592 | D:4      | Reached skill level 5 in Long Blades
  3592 | D:4      | Gained mutation: You have claws for hands. [demonic
                  | ancestry]
  3592 | D:4      | Reached XP level 7. HP: 32/54 MP: 7/7
  3880 | D:4      | Found a runed translucent gate.
  3880 | D:4      | Found a runed translucent gate.
  3880 | D:4      | Found a runed translucent gate.
  3880 | D:4      | Noticed jtrev's ghost (amateur GrBe)
  3882 | D:4      | Found a basalt altar of Yredelemnul.
  3908 | D:4      | Killed jtrev's ghost
  4001 | D:4      | Reached skill level 6 in Long Blades
  4549 | D:4      | Identified 2 scrolls of acquirement
  4549 | D:4      | Acquired 813 gold pieces
  4567 | D:4      | Gained mutation: You are resistant to electric shocks.
                  | (rElec) [potion of mutation]
  4567 | D:4      | Gained mutation: You have hidden genetic defects. [potion
                  | of mutation]
  4567 | D:4      | Gained mutation: You possess an exceptional clarity of
                  | mind. [potion of mutation]
  4569 | D:4      | Acquired 611 gold pieces
  5074 | D:5      | Entered Level 5 of the Dungeon
  5404 | D:5      | Gained mutation: You are mostly covered in sharp spines.
                  | [demonic ancestry]
  5404 | D:5      | Reached XP level 8. HP: 34/61 MP: 8/8
  5429 | D:5      | Gained mutation: Armour fits poorly on your strangely
                  | shaped body. [hidden defects]
  5587 | D:5      | Reached skill level 5 in Armour
  5591 | D:5      | Reached skill level 1 in Stealth
  5766 | D:5      | Reached skill level 5 in Fighting
  5767 | D:5      | Gained mutation: Your spells are a little easier to cast,
                  | but a little less powerful. [hidden defects]
  5767 | D:5      | Lost mutation: You have hidden genetic defects. [hidden
                  | defects expressed]
  5783 | D:5      | Found a glowing drain.
  6044 | D:5      | Reached skill level 7 in Long Blades
  6241 | D:5      | Found a sparkling altar of Nemelex Xobeh.
  6692 | D:6      | Noticed Dowan
  6696 | D:6      | Noticed Duvessa
  6704 | D:6      | Killed Duvessa
  6706 | D:6      | Killed Dowan
  6707 | D:6      | Reached XP level 9. HP: 49/68 MP: 9/9
  6839 | D:6      | Found Teequl's Armour Emporium.
  7019 | D:6      | Found a staircase to the Ecumenical Temple.
  7042 | Temple   | Entered the Ecumenical Temple
  7622 | D:6      | Reached skill level 8 in Long Blades
  7702 | D:6      | Found a shadowy altar of Dithmenos.
  7988 | D:6      | Found a snail-covered altar of Cheibriados.
  8364 | D:7      | Found a transporter.
  8379 | D:7      | Noticed a moth of wrath
  8387 | D:7      | Noticed Menkaure
  8401 | D:7      | Killed Menkaure
  8402 | D:7      | Slain by a wyvern skeleton

Illustrated notes

Levels and vault maps discovered:
D:1:      dpeg_arrival_simpleton_a, layout_loops_ring,
          chequers_ecumenical_altar_island, minmay_cut_off
D:2:      layout_loops_ring, basic_altar, corexii_corridor_pit,
          minmay_snake_closets, uniq_jessica
D:3:      layout_loops_ring, st_stairs_5
D:4:      minmay_clustersquares, layout_cave_pods,
          nicolae_yredelemnul_ghost_church
D:5:      layout_cave_pools, nemelex_spade_bored_becter, gup_sewer_entry_glass,
          minmay_misc_feat_tiny
D:6:      layout_loops_ring, grunt_dithmenos_shadows, slow_altar_2,
          minmay_temple_entry_arrows, serial_shops, nicolae_stop_n_shop_2,
          uniq_duvessa
D:7:      layout_rooms, nicolae_gozag_cash_rules_everything_around_me,
          gammafunk_ghost_berserking_beasts, kennysheep_opposing_triangles,
          uniq_menkaure
Temple:   minmay_temple_curvy_branch

Skill      XL: |  1  2  3  4  5  6  7  8  9 |
---------------+----------------------------+-----
Armour         | 3 4 5 6 |  6.3
Long Blades    | 3 4 5 6 7 8 |  8.3
Shields        | 3 4 |  4.6
Dodging        | 1 |  1.5
Fighting       | 4 5 6 |  6.0
Stealth        | 1 |  1.0

Action                   |  1- 3 |  4- 6 |  7- 9 || total
-------------------------+-------+-------+-------++-------
Melee: Long sword        |    87 |   171 |   204 ||   462
  Use: Scroll            |       |       |    10 ||    10
       Potion            |       |       |     9 ||     9
Armor: Scale mail        |    37 |    75 |    13 ||   125
       Crystal plate arm |       |       |   153 ||   153
Dodge: Dodged            |    37 |    61 |    38 ||   136
Block: Buckler           |    18 |    41 |    54 ||   113

Table legend: (Time is in decaauts)
 A = Elapsed time spent in this place.
 B = Non-inter-level travel time spent in this place.
 C = Inter-level travel time spent in this place.
 D = Time resting spent in this place.
 E = Time spent auto-exploring this place.
 F = Levels seen in this place.
 G = Mean time per level.
                   A        B        C        D        E       F      G
               +--------+--------+--------+--------+--------+-----+--------+
         Total |   8469 |   6971 |   1498 |      0 |   5784 |   8 | 1058.6 |
       Dungeon |   7969 |   6633 |   1336 |      0 |   5462 |   7 | 1138.4 |
        Temple |    499 |    337 |    162 |      0 |    322 |   1 |  499.0 |
               +--------+--------+--------+--------+--------+-----+--------+

Top non-repeatable levels by time:
     D:4: 2289 daAuts
     D:5: 1367 daAuts
     D:2: 1348 daAuts
     D:6: 1174 daAuts
     D:1: 1111 daAuts
     D:3: 636 daAuts
  Temple: 499 daAuts
     D:7: 41 daAuts
